Nordiques vs Canadiens
Created - November 13, 2018 at 19:09
Goals
|
| Nordiques |
2 |
1 |
1 |
4 |
| Canadiens |
3 |
0 |
0 |
3 |
|
Shots
|
| Nordiques |
14 |
11 |
14 |
39 |
| Canadiens |
20 |
9 |
7 |
36 |
|
1st period
1. Canadiens , Greg Stewart 8 (Sidney Crosby 11, Raphael Diaz 10) at 6:07 (PP)
2. Nordiques , Vladimir Tarasenko 10 (Fedor Tyutin 6, Jonathan Quick) at 10:02 (SH)
3. Canadiens , Evgeny Dadonov 5 (Sidney Crosby 12, Greg Stewart 5) at 17:05 (PP)
4. Nordiques , Jean-Pierre Dumont 5 (David Legwand 6) at 18:59
5. Canadiens , Sidney Crosby 6 (Greg Stewart 6, Raphael Diaz 11) at 19:35 (PP)
Penalties :
Martin St. Louis (Que) for Cross-checking (Minor) at 5:39, Jonathan Quick (Que) for Slashing (Minor) at 5:49 - Fedor Tyutin served the penalty, Matt Moulson (Que) for Roughing (Minor) at 9:30, Sidney Crosby (Mon) for Roughing (Minor) at 12:55, Ryan Ellis (Que) for Holding Stick (Minor) at 16:11, Jean-Pierre Dumont (Que) for Hooking (Minor) at 19:20
2nd period
6. Nordiques , Vladimir Tarasenko 11 (Marc Savard 14) at 5:40 (PP)
Penalties :
Jason Spezza (Mon) for Tripping (Minor) at 5:33, Michael Ryder (Que) for Tripping (Minor) at 10:18, David Jones (Mon) for Holding (Minor) at 12:33
3rd period
7. Nordiques , Jean-Pierre Dumont 6 (T.J. Fast 3, R.J. Umberger 6) at 16:24 (PP)
Penalties :
Evgeny Dadonov (Mon) for High sticking (Minor) at 1:35, Dustin Kohn (Mon) for Holding (Minor) at 5:32, Shaone Morrisonn (Mon) for Holding (Minor) at 15:16, Enver Lisin (Mon) for High sticking (Minor) at 16:54
Goalie Stats
Jonathan Quick (Que), 33 saves from 36 shots - (0.917), W, 6-5-1, 60:00 minutes
Henrik Lundqvist (Mon), 35 saves from 39 shots - (0.897), L, 6-6-1, 59:52 minutes
Players Stats for Nordiques
Player Name G A P +/- PIM S H SB GA TA FO MP PP MP PK MP
------------------------------------------------------------------------------------
Chris Drury 0 0 0 1 0 0 1 0 0 1 2/7 10:24 0:00 2:24
David Legwand 0 1 1 2 0 0 1 0 1 0 7/16 18:54 4:44 2:24
Dustin Byfuglien 0 0 0 0 0 1 1 1 0 1 0/0 10:36 0:00 0:26
Fedor Tyutin 0 1 1 1 0 1 1 1 0 0 0/0 29:23 6:48 3:44
Jean-Pierre Dumont 2 0 2 1 2 3 2 0 0 1 0/0 16:26 4:50 0:00
Kyle Calder 0 0 0 0 0 0 1 0 0 0 0/0 6:55 0:04 0:15
Marc Savard 0 1 1 0 0 5 2 0 1 0 23/44 25:57 5:59 4:37
Mark Eaton 0 0 0 1 0 0 1 2 0 0 0/0 21:57 4:22 4:00
Martin St. Louis 0 0 0 0 2 2 0 0 0 0 2/2 9:29 0:33 0:00
Matt Irwin 0 0 0 0 0 0 1 0 1 0 0/0 9:26 0:00 0:10
Matt Moulson 0 0 0 0 2 2 1 0 0 0 0/0 7:51 0:00 0:00
Michael Ryder 0 0 0 0 2 2 1 0 0 0 0/0 6:53 0:10 0:00
Mike Fisher 0 0 0 0 0 0 1 0 0 0 2/2 6:28 0:00 0:00
R.J. Umberger 0 1 1 1 0 5 1 0 1 0 0/0 16:36 4:44 0:15
Ryan Ellis 0 0 0 1 2 6 0 2 0 1 0/0 29:21 6:48 4:37
Simon Gagné 0 0 0 0 0 2 1 0 1 0 2/5 21:27 6:22 0:00
T.J. Fast 0 1 1 1 0 1 0 0 0 1 0/0 19:24 4:22 1:35
Vladimir Tarasenko 2 0 2 0 0 9 1 1 2 0 1/3 24:54 6:04 4:19
Players Stats for Canadiens
Player Name G A P +/- PIM S H SB GA TA FO MP PP MP PK MP
------------------------------------------------------------------------------------
Adam Pardy 0 0 0 0 0 1 2 1 0 0 0/0 14:59 0:00 5:07
Alexander Frolov 0 0 0 -1 0 1 4 4 0 0 3/4 20:07 2:20 6:38
Brett Maclean 0 0 0 0 0 0 0 0 1 0 0/0 7:45 0:00 0:00
Brock Nelson 0 0 0 0 0 1 0 0 0 0 0/0 9:17 0:27 2:07
David Jones 0 0 0 0 2 0 0 0 0 0 0/0 9:25 0:27 2:13
Dustin Boyd 0 0 0 0 0 0 2 0 0 2 7/16 14:56 0:27 6:28
Dustin Kohn 0 0 0 -1 2 1 2 0 0 0 0/0 18:42 2:18 3:11
Enver Lisin 0 0 0 0 2 0 0 0 1 0 0/0 7:53 0:00 0:00
Evgeny Dadonov 1 0 1 -1 2 8 2 0 0 0 2/2 20:34 4:29 0:00
Greg Stewart 1 2 3 -1 0 3 1 0 1 0 0/1 20:29 4:29 0:12
Jason Spezza 0 0 0 -1 2 3 3 0 1 0 9/17 17:40 2:20 4:21
Joe Pavelski 0 0 0 -1 0 3 1 0 1 1 3/3 13:11 2:20 0:00
Luke Schenn 0 0 0 -1 0 4 4 0 0 1 0/0 31:29 4:58 7:20
Marcel Goc 0 0 0 0 0 2 0 0 0 0 0/4 6:43 0:00 0:21
Raphael Diaz 0 2 2 -1 0 4 0 1 0 2 0/0 24:33 4:58 0:00
Shaone Morrisonn 0 0 0 -1 2 0 0 3 0 0 0/0 18:46 0:00 6:23
Sidney Crosby 1 2 3 -1 2 5 3 0 0 0 16/32 20:40 4:29 0:00
Wes O'Neill 0 0 0 0 0 0 0 0 0 1 0/0 11:34 2:18 0:19
3 Stars
1 - Vladimir Tarasenko (Que)
2 - Jean-Pierre Dumont (Que)
3 - Greg Stewart (Mon)
Power Play
Nordiques - 2 on 7 Attempt(s) - 28.57%
Canadiens - 3 on 6 Attempt(s) - 50.00%
Penalty Kill
Nordiques - 3 on 6 Attempt(s) - 50.00%
- Score 1 goal in Penalty Kill
Canadiens - 5 on 7 Attempt(s) - 71.43%
- Score 0 goal in Penalty Kill
Team Stat
Nordiques - Hits : 17 - Faceoff Wins : 39 - Blocked Shots : 7 - Penalty Minutes : 12
Canadiens - Hits : 24 - Faceoff Wins : 40 - Blocked Shots : 9 - Penalty Minutes : 14
Official
Referees : Unknown
Linesman : Unknown
Game Notes
No Game Note
Finance
Level 1 -- Attendance: 5857 (97.62%) -- Ticket Income $503,702
Level 2 -- Attendance: 4867 (97.34%) -- Ticket Income $267,685
Level 3 -- Attendance: 1922 (96.10%) -- Ticket Income $65,348
Level 4 -- Attendance: 3682 (92.05%) -- Ticket Income $99,414
Luxury Box -- Attendance: 980 (98.00%) -- Ticket Income $152,880
Game was played at the Centre Bell.
Total Attendance: 17308 (96.16%)
Total Ticket Income: $1,089,029
Other Income: $163,354
Total Income: $1,252,383
Nordiques
5 vs 5 Forward
Center Left Wing Right Wing Time % Phy DF OF
1 Marc Savard Simon Gagné Vladimir Tarasenko 40 0 1 4
2 David Legwand R.J. Umberger Jean-Pierre Dumont 30 1 1 3
3 Chris Drury Matt Moulson Martin St. Louis 20 1 2 2
4 Mike Fisher Kyle Calder Michael Ryder 10 2 2 1
5 vs 5 Defense
Defense Defense Time % Phy DF OF
1 Fedor Tyutin Ryan Ellis 40 1 3 1
2 Mark Eaton T.J. Fast 30 1 3 1
3 Dustin Byfuglien Matt Irwin 20 1 3 1
4 Fedor Tyutin Ryan Ellis 10 1 3 1
PowerPlay Forward
Center Left Wing Right Wing Time % Phy DF OF
1 Marc Savard Simon Gagné Vladimir Tarasenko 60 0 0 5
2 David Legwand R.J. Umberger Jean-Pierre Dumont 40 0 0 5
PowerPlay Defense
Defense Defense Time % Phy DF OF
1 Fedor Tyutin Ryan Ellis 60 0 2 3
2 Mark Eaton T.J. Fast 40 0 2 3
Penalty Kill 4 Players Forward
Center Wing Time % Phy DF OF
1 Marc Savard Vladimir Tarasenko 60 1 4 0
2 David Legwand Chris Drury 40 1 4 0
Penalty Kill 4 Players Defense
Defense Defense Time % Phy DF OF
1 Fedor Tyutin Ryan Ellis 60 1 4 0
2 Mark Eaton T.J. Fast 40 1 4 0
Penalty Kill - 3 Players Forward
Forward Time % Phy DF OF
1 Marc Savard 60 0 5 0
2 Vladimir Tarasenko 40 0 5 0
Penalty Kill - 3 Players Defense
Defense Defense Time % Phy DF OF
1 Fedor Tyutin Ryan Ellis 60 1 4 0
2 Mark Eaton T.J. Fast 40 1 4 0
4 vs 4 Forward
Center Wing Time % Phy DF OF
1 Marc Savard Vladimir Tarasenko 60 0 1 4
2 David Legwand Chris Drury 40 0 1 4
4 vs 4 Defense
Defense Defense Time % Phy DF OF
1 Fedor Tyutin Ryan Ellis 60 1 4 0
2 Mark Eaton T.J. Fast 40 1 4 0
Last Minutes Offensive
Center Left Wing Right Wing Defense Defense
Marc Savard Simon Gagné Vladimir Tarasenko Fedor Tyutin Ryan Ellis
Last Minutes Defensive
Center Left Wing Right Wing Defense Defense
Marc Savard Simon Gagné Vladimir Tarasenko Fedor Tyutin Ryan Ellis
Goaltenders
Starting : Jonathan Quick
Backup : Philipp Grubauer
Extra Forwards
Normal : Vladimir Tarasenko, Martin St. Louis, Chris Drury - PP : Vladimir Tarasenko, Martin St. Louis - PK : R.J. Umberger
Extra Defensemen
Normal : Ryan Ellis, Fedor Tyutin, Dustin Byfuglien - PP : Ryan Ellis - PK : Mark Eaton, Fedor Tyutin
Penalty Shots
Marc Savard, Vladimir Tarasenko, David Legwand, Chris Drury, Simon Gagné
Scratches
Bruno Gervais (Healthy), Paul Gaustad (Healthy), Petr Kalus (Healthy), Nikolai Kulemin (Healthy), Julien Ellis (Healthy)
Canadiens
5 vs 5 Forward
Center Left Wing Right Wing Time % Phy DF OF
1 Sidney Crosby Greg Stewart Evgeny Dadonov 40 0 1 4
2 Jason Spezza Alexander Frolov Joe Pavelski 30 0 2 3
3 Dustin Boyd Brett Maclean Enver Lisin 20 0 2 3
4 Marcel Goc Brock Nelson David Jones 10 0 4 1
5 vs 5 Defense
Defense Defense Time % Phy DF OF
1 Luke Schenn Raphael Diaz 40 0 2 3
2 Dustin Kohn Shaone Morrisonn 30 0 2 3
3 Adam Pardy Wes O'Neill 20 0 3 2
4 Luke Schenn Raphael Diaz 10 0 3 2
PowerPlay Forward
Center Left Wing Right Wing Time % Phy DF OF
1 Sidney Crosby Greg Stewart Evgeny Dadonov 60 0 0 5
2 Jason Spezza Alexander Frolov Joe Pavelski 40 0 0 5
PowerPlay Defense
Defense Defense Time % Phy DF OF
1 Raphael Diaz Luke Schenn 60 0 1 4
2 Dustin Kohn Wes O'Neill 40 0 1 4
Penalty Kill 4 Players Forward
Center Wing Time % Phy DF OF
1 Dustin Boyd Alexander Frolov 60 0 4 1
2 Jason Spezza David Jones 40 0 4 1
Penalty Kill 4 Players Defense
Defense Defense Time % Phy DF OF
1 Shaone Morrisonn Luke Schenn 60 1 4 0
2 Adam Pardy Dustin Kohn 40 1 4 0
Penalty Kill - 3 Players Forward
Forward Time % Phy DF OF
1 Dustin Boyd 60 0 5 0
2 Marcel Goc 40 0 5 0
Penalty Kill - 3 Players Defense
Defense Defense Time % Phy DF OF
1 Shaone Morrisonn Luke Schenn 60 0 5 0
2 Wes O'Neill Adam Pardy 40 0 5 0
4 vs 4 Forward
Center Wing Time % Phy DF OF
1 Sidney Crosby Greg Stewart 60 0 2 3
2 Jason Spezza Evgeny Dadonov 40 0 2 3
4 vs 4 Defense
Defense Defense Time % Phy DF OF
1 Dustin Kohn Wes O'Neill 60 0 2 3
2 Luke Schenn Raphael Diaz 40 0 2 3
Last Minutes Offensive
Center Left Wing Right Wing Defense Defense
Sidney Crosby Greg Stewart Evgeny Dadonov Luke Schenn Raphael Diaz
Last Minutes Defensive
Center Left Wing Right Wing Defense Defense
Jason Spezza Alexander Frolov Joe Pavelski Shaone Morrisonn Luke Schenn
Goaltenders
Starting : Henrik Lundqvist
Backup : Allen York
Extra Forwards
Normal : Sidney Crosby, Jason Spezza, Greg Stewart - PP : Sidney Crosby, Jason Spezza - PK : Alexander Frolov
Extra Defensemen
Normal : Luke Schenn, Raphael Diaz, Shaone Morrisonn - PP : Luke Schenn - PK : Shaone Morrisonn, Luke Schenn
Penalty Shots
Sidney Crosby, Jason Spezza, Greg Stewart, Alexander Frolov, Evgeny Dadonov
Scratches
Vitaly Vishnevsky (Strained Back Injury)
% Time on Ice - Nordiques
Lines # - Real PCT - Wanted PCT - Time Play
Normal Forward
1 - 36% - 40% - 14:31
2 - 29% - 30% - 11:46
3 - 19% - 20% - 7:51
4 - 16% - 10% - 6:28
Normal Defense
1 - 42% - 40% - 16:53
2 - 33% - 30% - 13:23
3 - 23% - 20% - 9:16
4 - 3% - 10% - 1:04
PP Forward
1 - 58% - 60% - 6:26
2 - 42% - 40% - 4:44
PP Defense
1 - 61% - 60% - 6:48
2 - 39% - 40% - 4:22
PK Forward
1 - 66% - 60% - 4:34
2 - 34% - 40% - 2:24
PK Defense
1 - 77% - 60% - 5:23
2 - 23% - 40% - 1:35
PK3 Forward
1 - 100% - 60% - 0:18
2 - 0% - 40% - 0:00
PK3 Defense
1 - 100% - 60% - 0:18
2 - 0% - 40% - 0:00
44 Forward
1 - 0% - 60%
2 - 0% - 40%
44 Defense
1 - 0% - 60%
2 - 0% - 40%
Last Minute Offensive - 0:00
Last Minute Defensive - 0:58
Total
Forward - 60:00
Defense - 60:00
|
% Time on Ice - Canadiens
Lines # - Real PCT - Wanted PCT - Time Play
Normal Forward
1 - 38% - 40% - 15:32
2 - 27% - 30% - 11:00
3 - 19% - 20% - 7:45
4 - 16% - 10% - 6:20
Normal Defense
1 - 45% - 40% - 18:24
2 - 30% - 30% - 12:07
3 - 22% - 20% - 8:52
4 - 3% - 10% - 1:14
PP Forward
1 - 68% - 60% - 4:56
2 - 32% - 40% - 2:20
PP Defense
1 - 68% - 60% - 4:58
2 - 32% - 40% - 2:18
PK Forward
1 - 77% - 60% - 8:35
2 - 23% - 40% - 2:35
PK Defense
1 - 61% - 60% - 6:52
2 - 39% - 40% - 4:18
PK3 Forward
1 - 0% - 60%
2 - 0% - 40%
PK3 Defense
1 - 0% - 60%
2 - 0% - 40%
44 Forward
1 - 0% - 60%
2 - 0% - 40%
44 Defense
1 - 0% - 60%
2 - 0% - 40%
Last Minute Offensive - 0:57
Last Minute Defensive - 0:00
Total
Forward - 60:00
Defense - 60:00
|
Play by Play
1st period
0:01 of 1st period - Simon Gagné wins face-off versus Sidney Crosby in neutral zone.
0:06 of 1st period - Snap shot by Vladimir Tarasenko.
0:06 of 1st period - Deflect By Simon Gagné.
0:06 of 1st period - Stopped by Henrik Lundqvist without a rebound.
0:07 of 1st period - Sidney Crosby wins face-off versus Marc Savard in Canadiens zone.
0:55 of 1st period - Wrist shot by Sidney Crosby.
0:55 of 1st period - Deflect By Evgeny Dadonov.
0:55 of 1st period - Stopped by Jonathan Quick without a rebound.
0:56 of 1st period - Joe Pavelski wins face-off versus David Legwand in Nordiques zone.
1:15 of 1st period - David Legwand is hit by Alexander Frolov and loses puck.
1:36 of 1st period - Snap shot by Chris Drury.
1:36 of 1st period - Shot Blocked by Shaone Morrisonn.
1:50 of 1st period - Snap shot by Brock Nelson.
1:50 of 1st period - Deflect By Marcel Goc.
1:50 of 1st period - Deflect By T.J. Fast.
1:50 of 1st period - Stopped by Jonathan Quick with a rebound.
1:56 of 1st period - Snap shot by Brock Nelson.
1:56 of 1st period - Shot Misses the Net.
2:10 of 1st period - Wrist shot by Evgeny Dadonov.
2:10 of 1st period - Shot Misses the Net.
2:18 of 1st period - Wrist shot by Mark Eaton.
2:18 of 1st period - Shot Misses the Net.
2:28 of 1st period - T.J. Fast is hit by Alexander Frolov and loses puck.
2:57 of 1st period - Snap shot by Vladimir Tarasenko.
2:57 of 1st period - Shot Blocked by Adam Pardy.
3:04 of 1st period - Off-side.
3:05 of 1st period - Jason Spezza wins face-off versus Chris Drury in neutral zone.
3:18 of 1st period - Wrist shot by Alexander Frolov.
3:18 of 1st period - Shot Misses the Net.
3:20 of 1st period - Slapshot by Jason Spezza.
3:20 of 1st period - Stopped by Jonathan Quick with a rebound.
3:40 of 1st period - Wrist shot by Brett Maclean.
3:40 of 1st period - Shot Blocked by Dustin Byfuglien.
3:51 of 1st period - Icing by Matt Moulson.
3:52 of 1st period - Evgeny Dadonov wins face-off versus David Legwand in Nordiques zone.
4:11 of 1st period - Greg Stewart is hit by Dustin Byfuglien and loses puck.
4:35 of 1st period - Luke Schenn is hit by Jean-Pierre Dumont and loses puck.
5:12 of 1st period - Wrist shot by Sidney Crosby.
5:12 of 1st period - Stopped by Jonathan Quick without a rebound.
5:13 of 1st period - Jason Spezza wins face-off versus Marc Savard in Nordiques zone.
5:39 of 1st period - Minor Penalty to Martin St. Louis for Cross-checking.
5:40 of 1st period - Alexander Frolov wins face-off versus Marc Savard in Nordiques zone.
5:49 of 1st period - Wrist shot by Jason Spezza.
5:49 of 1st period - Stopped by Jonathan Quick without a rebound.
5:49 of 1st period - Minor Penalty to Jonathan Quick for Slashing.
5:50 of 1st period - Sidney Crosby wins face-off versus Marc Savard in Nordiques zone.
6:05 of 1st period - Snap shot by Sidney Crosby.
6:05 of 1st period - Shot Misses the Net.
6:07 of 1st period - Snap shot by Greg Stewart.
6:07 of 1st period - Goal by Greg Stewart - Nordiques : 0 - Canadiens : 1.
6:08 of 1st period - Marc Savard wins face-off versus Sidney Crosby in neutral zone.
6:11 of 1st period - Sidney Crosby is hit by Mark Eaton and loses puck.
6:46 of 1st period - Jason Spezza is hit by David Legwand and loses puck.
6:52 of 1st period - Icing by Jason Spezza.
6:53 of 1st period - Marc Savard wins face-off versus Jason Spezza in Canadiens zone.
7:04 of 1st period - Wrist shot by Joe Pavelski.
7:04 of 1st period - Stopped by Jonathan Quick without a rebound.
7:05 of 1st period - Evgeny Dadonov wins face-off versus Marc Savard in Nordiques zone.
7:16 of 1st period - Snap shot by Evgeny Dadonov.
7:16 of 1st period - Stopped by Jonathan Quick without a rebound.
7:17 of 1st period - Sidney Crosby wins face-off versus Marc Savard in Nordiques zone.
7:49 of 1st period - Penalty to Fedor Tyutin is over, Fedor Tyutin is back on ice.
7:54 of 1st period - Snap shot by Sidney Crosby.
7:54 of 1st period - Shot Blocked by Mark Eaton.
7:56 of 1st period - Snap shot by Evgeny Dadonov.
7:56 of 1st period - Stopped by Jonathan Quick without a rebound.
7:57 of 1st period - Alexander Frolov wins face-off versus Chris Drury in Nordiques zone.
8:23 of 1st period - Brett Maclean is hit by Matt Irwin and loses puck.
8:50 of 1st period - Wrist shot by R.J. Umberger.
8:50 of 1st period - Stopped by Henrik Lundqvist with a rebound.
8:58 of 1st period - Jean-Pierre Dumont is hit by Adam Pardy and loses puck.
9:30 of 1st period - Minor Penalty to Matt Moulson for Roughing.
9:31 of 1st period - Sidney Crosby wins face-off versus Marc Savard in Nordiques zone.
9:32 of 1st period - Wrist shot by Greg Stewart.
9:32 of 1st period - Deflect By Evgeny Dadonov.
9:32 of 1st period - Stopped by Jonathan Quick with a rebound.
9:34 of 1st period - Slapshot by Luke Schenn.
9:34 of 1st period - Stopped by Jonathan Quick without a rebound.
9:35 of 1st period - Marc Savard wins face-off versus Sidney Crosby in Nordiques zone.
9:44 of 1st period - Snap shot by Vladimir Tarasenko.
9:44 of 1st period - Stopped by Henrik Lundqvist with a rebound.
10:02 of 1st period - Snap shot by Vladimir Tarasenko.
10:02 of 1st period - Goal by Vladimir Tarasenko - Nordiques : 1 - Canadiens : 1.
10:03 of 1st period - Marc Savard wins face-off versus Sidney Crosby in neutral zone.
10:39 of 1st period - Snap shot by Joe Pavelski.
10:39 of 1st period - Shot Misses the Net.
11:30 of 1st period - Penalty to Matt Moulson is over, Matt Moulson is back on ice.
11:43 of 1st period - Michael Ryder is hit by Dustin Boyd and loses puck.
12:04 of 1st period - Off-side.
12:05 of 1st period - David Legwand wins face-off versus Marcel Goc in neutral zone.
12:10 of 1st period - Snap shot by R.J. Umberger.
12:10 of 1st period - Stopped by Henrik Lundqvist with a rebound.
12:21 of 1st period - Wrist shot by Marcel Goc.
12:21 of 1st period - Stopped by Jonathan Quick without a rebound.
12:22 of 1st period - Marc Savard wins face-off versus Jason Spezza in Nordiques zone.
12:37 of 1st period - Slapshot by Ryan Ellis.
12:37 of 1st period - Stopped by Henrik Lundqvist without a rebound.
12:38 of 1st period - Simon Gagné wins face-off versus Sidney Crosby in Canadiens zone.
12:41 of 1st period - Snap shot by Marc Savard.
12:41 of 1st period - Shot Misses the Net.
12:43 of 1st period - Slapshot by Ryan Ellis.
12:43 of 1st period - Stopped by Henrik Lundqvist without a rebound.
12:44 of 1st period - Marc Savard wins face-off versus Sidney Crosby in Canadiens zone.
12:55 of 1st period - Minor Penalty to Sidney Crosby for Roughing.
12:56 of 1st period - Marc Savard wins face-off versus Dustin Boyd in Canadiens zone.
13:06 of 1st period - Slapshot by Marc Savard.
13:06 of 1st period - Stopped by Henrik Lundqvist without a rebound.
13:07 of 1st period - Marc Savard wins face-off versus Dustin Boyd in Canadiens zone.
14:55 of 1st period - Penalty to Sidney Crosby is over, Sidney Crosby is back on ice.
15:01 of 1st period - Snap shot by Evgeny Dadonov.
15:01 of 1st period - Stopped by Jonathan Quick with a rebound.
15:03 of 1st period - Snap shot by Evgeny Dadonov.
15:03 of 1st period - Stopped by Jonathan Quick without a rebound.
15:04 of 1st period - Martin St. Louis wins face-off versus Sidney Crosby in Nordiques zone.
15:11 of 1st period - Raphael Diaz is hit by Chris Drury and loses puck.
15:18 of 1st period - Fedor Tyutin is hit by Luke Schenn and loses puck.
15:23 of 1st period - Wrist shot by Evgeny Dadonov.
15:23 of 1st period - Shot Blocked by Fedor Tyutin.
15:25 of 1st period - Snap shot by Sidney Crosby.
15:25 of 1st period - Shot Blocked by Ryan Ellis.
15:27 of 1st period - Snap shot by Adam Pardy.
15:27 of 1st period - Stopped by Jonathan Quick without a rebound.
15:28 of 1st period - Jason Spezza wins face-off versus David Legwand in Nordiques zone.
15:41 of 1st period - Wrist shot by R.J. Umberger.
15:41 of 1st period - Shot Blocked by Alexander Frolov.
15:43 of 1st period - Wrist shot by Jean-Pierre Dumont.
15:43 of 1st period - Shot Misses the Net.
16:11 of 1st period - Minor Penalty to Ryan Ellis for Holding Stick.
16:12 of 1st period - Sidney Crosby wins face-off versus Marc Savard in Nordiques zone.
16:17 of 1st period - Snap shot by Sidney Crosby.
16:17 of 1st period - Stopped by Jonathan Quick without a rebound.
16:18 of 1st period - Sidney Crosby wins face-off versus Marc Savard in Nordiques zone.
16:51 of 1st period - Snap shot by Greg Stewart.
16:51 of 1st period - Shot Blocked by Mark Eaton.
17:01 of 1st period - Wrist shot by Sidney Crosby.
17:01 of 1st period - Stopped by Jonathan Quick with a rebound.
17:03 of 1st period - Snap shot by Evgeny Dadonov.
17:03 of 1st period - Shot Misses the Net.
17:05 of 1st period - Wrist shot by Evgeny Dadonov.
17:05 of 1st period - Goal by Evgeny Dadonov - Nordiques : 1 - Canadiens : 2.
17:06 of 1st period - Jason Spezza wins face-off versus Marc Savard in neutral zone.
17:09 of 1st period - Wrist shot by Alexander Frolov.
17:09 of 1st period - Shot Misses the Net.
17:12 of 1st period - Icing by Simon Gagné.
17:13 of 1st period - Jason Spezza wins face-off versus Marc Savard in Nordiques zone.
17:24 of 1st period - Snap shot by Vladimir Tarasenko.
17:24 of 1st period - Stopped by Henrik Lundqvist with a rebound.
17:26 of 1st period - Wrist shot by Vladimir Tarasenko.
17:26 of 1st period - Shot Misses the Net.
17:28 of 1st period - Slapshot by Fedor Tyutin.
17:28 of 1st period - Stopped by Henrik Lundqvist with a rebound.
17:46 of 1st period - Slapshot by Ryan Ellis.
17:46 of 1st period - Stopped by Henrik Lundqvist without a rebound.
17:47 of 1st period - Sidney Crosby wins face-off versus Simon Gagné in Canadiens zone.
18:14 of 1st period - Mark Eaton is hit by Dustin Boyd and loses puck.
18:27 of 1st period - Snap shot by Marc Savard.
18:27 of 1st period - Shot Blocked by Raphael Diaz.
18:29 of 1st period - Snap shot by Marc Savard.
18:29 of 1st period - Stopped by Henrik Lundqvist with a rebound.
18:31 of 1st period - Wrist shot by Marc Savard.
18:31 of 1st period - Shot Misses the Net.
18:33 of 1st period - Snap shot by Marc Savard.
18:33 of 1st period - Stopped by Henrik Lundqvist with a rebound.
18:45 of 1st period - Slapshot by Luke Schenn.
18:45 of 1st period - Stopped by Jonathan Quick with a rebound.
18:53 of 1st period - Snap shot by Vladimir Tarasenko.
18:53 of 1st period - Deflect By Marc Savard.
18:53 of 1st period - Shot Misses the Net.
18:53 of 1st period - Puck is out of play.
18:54 of 1st period - David Legwand wins face-off versus Sidney Crosby in Canadiens zone.
18:59 of 1st period - Wrist shot by Jean-Pierre Dumont.
18:59 of 1st period - Goal by Jean-Pierre Dumont - Nordiques : 2 - Canadiens : 2.
19:00 of 1st period - David Legwand wins face-off versus Sidney Crosby in neutral zone.
19:20 of 1st period - Minor Penalty to Jean-Pierre Dumont for Hooking.
19:21 of 1st period - Marc Savard wins face-off versus Sidney Crosby in Nordiques zone.
19:33 of 1st period - Snap shot by Greg Stewart.
19:33 of 1st period - Shot Blocked by Vladimir Tarasenko.
19:35 of 1st period - Wrist shot by Sidney Crosby.
19:35 of 1st period - Goal by Sidney Crosby - Nordiques : 2 - Canadiens : 3.
19:36 of 1st period - Marc Savard wins face-off versus Alexander Frolov in neutral zone.
Goals for this period are 2 for Nordiques vs 3 for Canadiens.
Shots for this period are 14 for Nordiques vs 20 for Canadiens.
2nd period
0:01 of 2nd period - Marc Savard wins face-off versus Sidney Crosby in neutral zone.
0:51 of 2nd period - Slapshot by Martin St. Louis.
0:51 of 2nd period - Stopped by Henrik Lundqvist without a rebound.
0:52 of 2nd period - Sidney Crosby wins face-off versus Chris Drury in Canadiens zone.
0:59 of 2nd period - Wrist shot by Raphael Diaz.
0:59 of 2nd period - Stopped by Jonathan Quick with a rebound.
1:01 of 2nd period - Snap shot by Greg Stewart.
1:01 of 2nd period - Stopped by Jonathan Quick without a rebound.
1:02 of 2nd period - Marc Savard wins face-off versus Sidney Crosby in Nordiques zone.
1:08 of 2nd period - Icing by Ryan Ellis.
1:09 of 2nd period - Marc Savard wins face-off versus Greg Stewart in Nordiques zone.
1:15 of 2nd period - Icing by Ryan Ellis.
1:16 of 2nd period - Marc Savard wins face-off versus Sidney Crosby in Nordiques zone.
1:44 of 2nd period - Icing by Raphael Diaz.
1:45 of 2nd period - Sidney Crosby wins face-off versus David Legwand in Canadiens zone.
1:45 of 2nd period - Sidney Crosby is hit by Jean-Pierre Dumont.
2:43 of 2nd period - Slapshot by Marc Savard.
2:43 of 2nd period - Shot Blocked by Alexander Frolov.
2:57 of 2nd period - Alexander Frolov is hit by Michael Ryder and loses puck.
3:20 of 2nd period - Wrist shot by Jean-Pierre Dumont.
3:20 of 2nd period - Stopped by Henrik Lundqvist without a rebound.
3:21 of 2nd period - Marc Savard wins face-off versus Dustin Boyd in Canadiens zone.
3:22 of 2nd period - Snap shot by Vladimir Tarasenko.
3:22 of 2nd period - Stopped by Henrik Lundqvist with a rebound.
3:24 of 2nd period - Snap shot by Simon Gagné.
3:24 of 2nd period - Shot Misses the Net.
3:26 of 2nd period - Slapshot by Simon Gagné.
3:26 of 2nd period - Shot Misses the Net.
5:19 of 2nd period - Wes O'Neill is hit by R.J. Umberger and loses puck.
5:33 of 2nd period - Minor Penalty to Jason Spezza for Tripping.
5:34 of 2nd period - Marc Savard wins face-off versus Dustin Boyd in Canadiens zone.
5:34 of 2nd period - Slapshot by Vladimir Tarasenko.
5:34 of 2nd period - Shot Blocked by Alexander Frolov.
5:40 of 2nd period - Snap shot by Vladimir Tarasenko.
5:40 of 2nd period - Goal by Vladimir Tarasenko - Nordiques : 3 - Canadiens : 3.
5:41 of 2nd period - Joe Pavelski wins face-off versus Marc Savard in neutral zone.
5:52 of 2nd period - Joe Pavelski is hit by Vladimir Tarasenko and loses puck.
6:07 of 2nd period - Fedor Tyutin is hit by Sidney Crosby and loses puck.
6:16 of 2nd period - Snap shot by R.J. Umberger.
6:16 of 2nd period - Shot Misses the Net.
6:28 of 2nd period - Wrist shot by Dustin Kohn.
6:28 of 2nd period - Stopped by Jonathan Quick without a rebound.
6:29 of 2nd period - Dustin Boyd wins face-off versus Chris Drury in Nordiques zone.
6:56 of 2nd period - Greg Stewart is hit by Simon Gagné and loses puck.
7:05 of 2nd period - Simon Gagné is hit by Greg Stewart and loses puck.
7:36 of 2nd period - Wes O'Neill is hit by Mike Fisher and loses puck.
7:54 of 2nd period - Icing by Adam Pardy.
7:55 of 2nd period - Alexander Frolov wins face-off versus Chris Drury in Canadiens zone.
8:10 of 2nd period - Greg Stewart is hit by Matt Moulson.
8:32 of 2nd period - Mark Eaton is hit by Luke Schenn and loses puck.
8:42 of 2nd period - Icing by Jean-Pierre Dumont.
8:43 of 2nd period - David Legwand wins face-off versus Marcel Goc in Nordiques zone.
8:43 of 2nd period - David Legwand is hit by Dustin Kohn.
9:09 of 2nd period - T.J. Fast is hit by Joe Pavelski and loses puck.
9:20 of 2nd period - Wrist shot by Jason Spezza.
9:20 of 2nd period - Stopped by Jonathan Quick with a rebound.
9:26 of 2nd period - Alexander Frolov is hit by Marc Savard.
10:01 of 2nd period - Slapshot by Ryan Ellis.
10:01 of 2nd period - Deflect By Michael Ryder.
10:01 of 2nd period - Stopped by Henrik Lundqvist with a rebound.
10:11 of 2nd period - Wrist shot by Greg Stewart.
10:11 of 2nd period - Stopped by Jonathan Quick with a rebound.
10:18 of 2nd period - Minor Penalty to Michael Ryder for Tripping.
10:19 of 2nd period - Marc Savard wins face-off versus Jason Spezza in Nordiques zone.
12:18 of 2nd period - Penalty to Michael Ryder is over, Michael Ryder is back on ice.
12:33 of 2nd period - Minor Penalty to David Jones for Holding.
12:34 of 2nd period - David Legwand wins face-off versus Dustin Boyd in Canadiens zone.
13:04 of 2nd period - David Legwand is hit by Luke Schenn and loses puck.
14:33 of 2nd period - Penalty to David Jones is over, David Jones is back on ice.
14:48 of 2nd period - Michael Ryder is hit by Evgeny Dadonov.
14:58 of 2nd period - Snap shot by Marcel Goc.
14:58 of 2nd period - Shot Misses the Net.
15:20 of 2nd period - Wrist shot by Mike Fisher.
15:20 of 2nd period - Shot Misses the Net.
15:55 of 2nd period - Snap shot by Raphael Diaz.
15:55 of 2nd period - Stopped by Jonathan Quick without a rebound.
15:56 of 2nd period - Jason Spezza wins face-off versus Marc Savard in Nordiques zone.
16:01 of 2nd period - Wrist shot by Joe Pavelski.
16:01 of 2nd period - Stopped by Jonathan Quick without a rebound.
16:02 of 2nd period - Vladimir Tarasenko wins face-off versus Jason Spezza in Nordiques zone.
16:09 of 2nd period - Snap shot by Marc Savard.
16:09 of 2nd period - Shot Misses the Net.
16:11 of 2nd period - Wrist shot by Simon Gagné.
16:11 of 2nd period - Shot Misses the Net.
16:13 of 2nd period - Wrist shot by Vladimir Tarasenko.
16:13 of 2nd period - Stopped by Henrik Lundqvist with a rebound.
16:15 of 2nd period - Slapshot by Simon Gagné.
16:15 of 2nd period - Shot Misses the Net.
16:17 of 2nd period - Snap shot by Marc Savard.
16:17 of 2nd period - Stopped by Henrik Lundqvist with a rebound.
16:34 of 2nd period - Snap shot by Sidney Crosby.
16:34 of 2nd period - Stopped by Jonathan Quick without a rebound.
16:35 of 2nd period - Sidney Crosby wins face-off versus Vladimir Tarasenko in Nordiques zone.
17:02 of 2nd period - Fedor Tyutin is hit by Jason Spezza and loses puck.
18:02 of 2nd period - Off-side.
18:03 of 2nd period - Mike Fisher wins face-off versus Marcel Goc in neutral zone.
18:14 of 2nd period - Slapshot by Luke Schenn.
18:14 of 2nd period - Deflect By T.J. Fast.
18:14 of 2nd period - Stopped by Jonathan Quick with a rebound.
19:13 of 2nd period - David Legwand is hit by Dustin Kohn.
19:24 of 2nd period - Wrist shot by David Legwand.
19:24 of 2nd period - Shot Misses the Net.
19:34 of 2nd period - Wrist shot by David Legwand.
19:34 of 2nd period - Deflect By R.J. Umberger.
19:34 of 2nd period - Stopped by Henrik Lundqvist with a rebound.
19:36 of 2nd period - Snap shot by David Legwand.
19:36 of 2nd period - Shot Misses the Net.
19:38 of 2nd period - Wrist shot by R.J. Umberger.
19:38 of 2nd period - Shot Blocked by Shaone Morrisonn.
19:40 of 2nd period - Slapshot by Dustin Byfuglien.
19:40 of 2nd period - Stopped by Henrik Lundqvist with a rebound.
19:42 of 2nd period - Snap shot by R.J. Umberger.
19:42 of 2nd period - Stopped by Henrik Lundqvist with a rebound.
19:48 of 2nd period - Snap shot by R.J. Umberger.
19:48 of 2nd period - Stopped by Henrik Lundqvist without a rebound.
19:49 of 2nd period - Marc Savard wins face-off versus Sidney Crosby in Canadiens zone.
Goals for this period are 1 for Nordiques vs 0 for Canadiens.
Shots for this period are 11 for Nordiques vs 9 for Canadiens.
3rd period
0:01 of 3rd period - Joe Pavelski wins face-off versus Marc Savard in neutral zone.
0:40 of 3rd period - Snap shot by Brett Maclean.
0:40 of 3rd period - Shot Blocked by Ryan Ellis.
0:50 of 3rd period - R.J. Umberger is hit by Sidney Crosby and loses puck.
0:55 of 3rd period - Snap shot by Evgeny Dadonov.
0:55 of 3rd period - Stopped by Jonathan Quick with a rebound.
1:20 of 3rd period - Slapshot by Matt Moulson.
1:20 of 3rd period - Stopped by Henrik Lundqvist without a rebound.
1:21 of 3rd period - Chris Drury wins face-off versus Jason Spezza in Canadiens zone.
1:28 of 3rd period - Wrist shot by Chris Drury.
1:28 of 3rd period - Shot Blocked by Shaone Morrisonn.
1:30 of 3rd period - Snap shot by Martin St. Louis.
1:30 of 3rd period - Shot Misses the Net.
1:32 of 3rd period - Snap shot by Matt Moulson.
1:32 of 3rd period - Shot Hit the Post.
1:34 of 3rd period - Slapshot by Mark Eaton.
1:34 of 3rd period - Deflect By Matt Moulson.
1:34 of 3rd period - Stopped by Henrik Lundqvist without a rebound.
1:35 of 3rd period - Sidney Crosby wins face-off versus Simon Gagné in Canadiens zone.
1:35 of 3rd period - Minor Penalty to Evgeny Dadonov for High sticking.
1:36 of 3rd period - Dustin Boyd wins face-off versus Marc Savard in Canadiens zone.
1:47 of 3rd period - Dustin Boyd is hit by Marc Savard and loses puck.
2:16 of 3rd period - Jean-Pierre Dumont is hit by Jason Spezza and loses puck.
2:50 of 3rd period - Icing by Fedor Tyutin.
2:51 of 3rd period - Jason Spezza wins face-off versus David Legwand in Nordiques zone.
3:35 of 3rd period - Penalty to Evgeny Dadonov is over, Evgeny Dadonov is back on ice.
3:38 of 3rd period - Jean-Pierre Dumont is hit by Adam Pardy and loses puck.
4:33 of 3rd period - Off-side.
4:34 of 3rd period - Sidney Crosby wins face-off versus Marc Savard in neutral zone.
4:57 of 3rd period - Simon Gagné is hit by Alexander Frolov and loses puck.
5:08 of 3rd period - Slapshot by Marc Savard.
5:08 of 3rd period - Shot Misses the Net.
5:10 of 3rd period - Snap shot by Marc Savard.
5:10 of 3rd period - Deflect By Simon Gagné.
5:10 of 3rd period - Shot Misses the Net.
5:10 of 3rd period - Puck is out of play.
5:11 of 3rd period - Sidney Crosby wins face-off versus David Legwand in Canadiens zone.
5:32 of 3rd period - Minor Penalty to Dustin Kohn for Holding.
5:33 of 3rd period - Marc Savard wins face-off versus Dustin Boyd in Canadiens zone.
5:43 of 3rd period - Off-side.
5:44 of 3rd period - Dustin Boyd wins face-off versus Marc Savard in neutral zone.
5:57 of 3rd period - Slapshot by Ryan Ellis.
5:57 of 3rd period - Stopped by Henrik Lundqvist without a rebound.
5:58 of 3rd period - Dustin Boyd wins face-off versus Vladimir Tarasenko in Canadiens zone.
6:30 of 3rd period - David Legwand is hit by Jason Spezza and loses puck.
6:39 of 3rd period - Jason Spezza is hit by Fedor Tyutin and loses puck.
7:32 of 3rd period - Penalty to Dustin Kohn is over, Dustin Kohn is back on ice.
7:40 of 3rd period - Snap shot by Brock Nelson.
7:40 of 3rd period - Stopped by Jonathan Quick with a rebound.
7:55 of 3rd period - Martin St. Louis is hit by Evgeny Dadonov and loses puck.
8:09 of 3rd period - Off-side.
8:10 of 3rd period - Mike Fisher wins face-off versus Marcel Goc in neutral zone.
8:23 of 3rd period - Wrist shot by Kyle Calder.
8:23 of 3rd period - Deflect By Mike Fisher.
8:23 of 3rd period - Shot Misses the Net.
8:23 of 3rd period - Puck is out of play.
8:24 of 3rd period - Jason Spezza wins face-off versus Marc Savard in Canadiens zone.
9:15 of 3rd period - Snap shot by David Jones.
9:15 of 3rd period - Shot Hit the Post.
9:17 of 3rd period - Slapshot by Raphael Diaz.
9:17 of 3rd period - Stopped by Jonathan Quick without a rebound.
9:18 of 3rd period - Marc Savard wins face-off versus Jason Spezza in Nordiques zone.
9:43 of 3rd period - Ryan Ellis is hit by Sidney Crosby and loses puck.
10:24 of 3rd period - Snap shot by Vladimir Tarasenko.
10:24 of 3rd period - Stopped by Henrik Lundqvist with a rebound.
10:26 of 3rd period - Slapshot by Ryan Ellis.
10:26 of 3rd period - Stopped by Henrik Lundqvist without a rebound.
10:27 of 3rd period - Marc Savard wins face-off versus Jason Spezza in Canadiens zone.
11:22 of 3rd period - Wrist shot by Michael Ryder.
11:22 of 3rd period - Stopped by Henrik Lundqvist with a rebound.
11:50 of 3rd period - Slapshot by Simon Gagné.
11:50 of 3rd period - Shot Misses the Net.
11:52 of 3rd period - Snap shot by Marc Savard.
11:52 of 3rd period - Stopped by Henrik Lundqvist without a rebound.
11:53 of 3rd period - Sidney Crosby wins face-off versus David Legwand in Canadiens zone.
12:55 of 3rd period - Vladimir Tarasenko is hit by Luke Schenn.
13:06 of 3rd period - Off-side.
13:07 of 3rd period - Sidney Crosby wins face-off versus David Legwand in neutral zone.
13:37 of 3rd period - Snap shot by Joe Pavelski.
13:37 of 3rd period - Stopped by Jonathan Quick with a rebound.
13:39 of 3rd period - Slapshot by Adam Pardy.
13:39 of 3rd period - Shot Misses the Net.
13:41 of 3rd period - Snap shot by Alexander Frolov.
13:41 of 3rd period - Stopped by Jonathan Quick without a rebound.
13:42 of 3rd period - Jason Spezza wins face-off versus Marc Savard in Nordiques zone.
13:43 of 3rd period - Wrist shot by Joe Pavelski.
13:43 of 3rd period - Shot Misses the Net.
13:56 of 3rd period - Wrist shot by Simon Gagné.
13:56 of 3rd period - Stopped by Henrik Lundqvist with a rebound.
13:58 of 3rd period - Slapshot by Fedor Tyutin.
13:58 of 3rd period - Deflect By Marc Savard.
13:58 of 3rd period - Shot Blocked by Alexander Frolov.
13:58 of 3rd period - Puck is out of play.
13:59 of 3rd period - David Legwand wins face-off versus Sidney Crosby in Canadiens zone.
14:58 of 3rd period - Slapshot by Raphael Diaz.
14:58 of 3rd period - Stopped by Jonathan Quick with a rebound.
15:15 of 3rd period - Off-side.
15:16 of 3rd period - Sidney Crosby wins face-off versus Marc Savard in neutral zone.
15:16 of 3rd period - Minor Penalty to Shaone Morrisonn for Holding.
15:17 of 3rd period - Dustin Boyd wins face-off versus Marc Savard in Canadiens zone.
15:28 of 3rd period - Wrist shot by Vladimir Tarasenko.
15:28 of 3rd period - Stopped by Henrik Lundqvist without a rebound.
15:29 of 3rd period - Dustin Boyd wins face-off versus Simon Gagné in Canadiens zone.
15:44 of 3rd period - Snap shot by Vladimir Tarasenko.
15:44 of 3rd period - Stopped by Henrik Lundqvist with a rebound.
16:01 of 3rd period - Off-side.
16:02 of 3rd period - David Legwand wins face-off versus Jason Spezza in neutral zone.
16:10 of 3rd period - Icing by Mark Eaton.
16:11 of 3rd period - Dustin Boyd wins face-off versus David Legwand in Nordiques zone.
16:20 of 3rd period - Slapshot by R.J. Umberger.
16:20 of 3rd period - Shot Misses the Net.
16:22 of 3rd period - Slapshot by T.J. Fast.
16:22 of 3rd period - Stopped by Henrik Lundqvist with a rebound.
16:24 of 3rd period - Wrist shot by Jean-Pierre Dumont.
16:24 of 3rd period - Goal by Jean-Pierre Dumont - Nordiques : 4 - Canadiens : 3.
16:25 of 3rd period - Martin St. Louis wins face-off versus Dustin Boyd in neutral zone.
16:28 of 3rd period - Slapshot by Ryan Ellis.
16:28 of 3rd period - Stopped by Henrik Lundqvist without a rebound.
16:29 of 3rd period - Chris Drury wins face-off versus Dustin Boyd in Canadiens zone.
16:30 of 3rd period - Snap shot by Matt Moulson.
16:30 of 3rd period - Shot Misses the Net.
16:54 of 3rd period - Minor Penalty to Enver Lisin for High sticking.
16:55 of 3rd period - Marc Savard wins face-off versus Dustin Boyd in Canadiens zone.
17:08 of 3rd period - Vladimir Tarasenko is hit by Alexander Frolov and loses puck.
18:54 of 3rd period - Penalty to Enver Lisin is over, Enver Lisin is back on ice.
18:57 of 3rd period - Luke Schenn is hit by Kyle Calder and loses puck.
19:14 of 3rd period - Wrist shot by Martin St. Louis.
19:14 of 3rd period - Stopped by Henrik Lundqvist with a rebound.
19:52 of 3rd period - Canadiens, Henrik Lundqvist is pulled from the net.
19:52 of 3rd period - Slapshot by Luke Schenn.
19:52 of 3rd period - Stopped by Jonathan Quick without a rebound.
19:53 of 3rd period - Guy Carbonneau call a timeout for Canadiens.
19:53 of 3rd period - Marc Savard wins face-off versus Sidney Crosby in Nordiques zone.
Goals for this period are 1 for Nordiques vs 0 for Canadiens.
Shots for this period are 14 for Nordiques vs 7 for Canadiens.
Back to the Top